 Dungeon Crawl Stone Soup version 0.20-a0-1000-g0e8f6bb (webtiles) character file.

571 Hybris the Poker (level 7, -3/71 HPs)
             Began as an Ogre Gladiator on Apr 12, 2017.
             Slain by a gnoll
             ... wielding a +0 halberd
              (14 damage)
             ... on level 3 of the Dungeon.
             The game lasted 00:06:46 (3939 turns).

Hybris the Poker (Ogre Gladiator)                   Turns: 3939, Time: 00:06:47

Health: -3/71      AC:  6    Str: 21    XL:     7   Next: 34%
Magic:  2/2        EV: 10    Int:  9    God:
Gold:   146        SH:  0    Dex: 10    Spells: 6/6 levels left

rFire    + . .     SeeInvis .   x - +2 spear (antimagic)
rCold    + . .     Gourm    .   (no shield)
rNeg     . . .     Faith    .   b - +0 robe
rPois    +         Spirit   .   c - +0 hat
rElec    +         Reflect  .   s - +2 cloak {rPois}
rCorr    +         Harm     .   (gloves unavailable)
MR       .....                  (boots unavailable)
Stlth    +.........             (no amulet)
Regen    0.3/turn               (no ring)
MPRegen  0.1/turn               (no ring)

@: resistant, heavily drained
A: unfitting armour, tough skin 1
a: no special abilities


You were on level 3 of the Dungeon.
You were not hungry.

You visited 1 branch of the dungeon, and saw 4 of its levels.

You collected 146 gold pieces.

Inventory:

Hand Weapons
 a - a +1 spear of piercing
 q - a +0 scythe of freezing
 x - a +2 antimagic spear (weapon)
Missiles
 d - 3 throwing nets
 l - 4 large rocks (quivered)
Armour
 b - a +0 robe (worn)
 c - a +0 hat (worn)
 s - a +2 cloak of poison resistance (worn)
Jewellery
 u - an uncursed amulet of harm
Wands
 p - a wand of polymorph (15/24)
Scrolls
 e - 5 scrolls of remove curse {unknown}
 k - a scroll of enchant weapon {unknown}
 m - a scroll of enchant armour {unknown}
 n - 6 scrolls of identify {unknown}
 r - a scroll of magic mapping {unknown}
 w - a scroll of teleportation {unknown}
Potions
 o - a potion of haste {unknown}
 v - a potion of degeneration {unknown}
Books
 i - a book of Misfortune

   Spells                             Type                      Level
   a - Confusing Touch                Hexes                        1
   b - Confuse                        Hexes                        3
   c - Gell's Gravitas                Translocation                3
   d - Petrify                        Transmutation/Earth          4
   e - Metabolic Englaciation         Hexes/Ice                    5
   f - Yara's Violent Unravelling     Hexes/Transmutation          5
Comestibles
 f - 4 bread rations
 g - 3 fruits
 h - 3 royal jellies
 t - a meat ration
 z - a chunk of flesh


   Skills:
 + Level 4.7(3.0) Fighting
 * Level 5.3(3.5) Polearms
 * Level 4.8(3.1) Throwing
 + Level 3.8(2.1) Dodging


You had 6 spell levels left.
You didn't know any spells.

Dungeon Overview and Level Annotations

Branches:
Dungeon (4/15)
 Temple: D:4-7

Altars:


Innate Abilities, Weirdness & Mutations

You are too large for most types of armour.
You have tough skin. (AC +1)


Message History

You hit the gnoll shaman but do no damage.
The gnoll shaman is moderately wounded.
The gnoll shaman barely misses you.
The gnoll hits you from afar with a halberd.
* * * LOW HITPOINT WARNING * * *
It was a potion of resistance.
You feel protected. The gnoll hits you but does no damage.
The gnoll shaman barely misses you.
You barely miss the gnoll shaman.
The gnoll shaman is moderately wounded.
The gnoll closely misses you. The gnoll shaman hits you with a whip.
* * * LOW HITPOINT WARNING * * *
You puncture the gnoll shaman!
The gnoll shaman is severely wounded.
The gnoll hits you from afar with a halberd.
* * * LOW HITPOINT WARNING * * *
The gnoll shaman calls down the wrath of its god upon you.
You easily resist.
The gnoll hits you from afar with a halberd!
You die...

#.....g..>.#..# #.#
......###.###.#.# #.# ###.#. #.#
.#.# ############.# # #.###<###.#
#.##............. #........#
#.#.##########.# #####g..## ##..#
#.# #.##.# ##.### #.# #)#
#.###.## #.. # ###)# #>#@## ###
#. #...# #g## #.###.#.#####g#
##......>..)..g#
.#............### ##
%...g...##.##.# ####### #.
##h####.##.##)# #....<# ##. #.#
#.##.##)# #.###.######..
##.####.#.#.#.######.###........#


You could see a gnoll shaman and 2 gnolls.

Vanquished Creatures
  Sigmund (D:2)
  2 gnoll shamans (D:3)
  Crazy Yiuf (D:2)
  Natasha (thrice) (D:2)
  16 gnolls (D:3)
  An adder (D:2)
  A worm (D:2)
  3 leopard geckos
  2 orcs (D:3)
  A ball python (D:1)
  3 bats
  3 giant cockroaches
  6 goblins
  10 hobgoblins
  18 jackals
  4 frilled lizards
  10 kobolds
  6 rats
91 creatures vanquished.

Notes
Turn   | Place    | Note
-------+----------+-------------------------------------------
     0 | D:1      | Hybris the Ogre Gladiator began the quest for the Orb.
     0 | D:1      | Reached XP level 1. HP: 22/22 MP: 1/1
   144 | D:1      | Reached XP level 2. HP: 29/29 MP: 2/2
   674 | D:1      | Reached XP level 3. HP: 27/37 MP: 3/3
  1145 | D:2      | Noticed Natasha
  1145 | D:2      | Noticed Sigmund
  1155 | D:2      | Killed Natasha
  1164 | D:2      | Killed Sigmund
  1164 | D:2      | Reached skill level 4 in Polearms
  1164 | D:2      | Reached XP level 4. HP: 24/48 MP: 4/4
  1164 | D:2      | Reached XP level 5. HP: 27/54 MP: 5/5
  1504 | D:2      | Reached XP level 6. HP: 62/62 MP: 6/6
  1636 | D:2      | Noticed Natasha
  1642 | D:2      | Killed Natasha
  1856 | D:2      | Found a runed door.
  2018 | D:2      | Noticed Natasha
  2024 | D:2      | Killed Natasha
  2327 | D:2      | Noticed Crazy Yiuf
  2330 | D:2      | Killed Crazy Yiuf
  2674 | D:3      | HP: 1/63 [gnoll shaman/club (11)]
  2999 | D:3      | Reached XP level 7. HP: 52/71 MP: 7/7
  3060 | D:3      | Reached skill level 5 in Polearms
  3939 | D:3      | Slain by a gnoll

Vault maps used:
D:1:      mushboom_english_gardens, minivault_5, kennysheep_doodads,
          serial_bayou_pond_d, roderic_malta_cross
D:2:      uniq_natasha, uniq_sigmund, uniq_crazy_yiuf_cottage
D:3:      lemuel_castle_with_subvaults, portal_sewer_entry_b, first_bread

Skill      XL: |  1  2  3  4  5  6  7 |
---------------+----------------------+-----
Fighting       | 3 4 |  4.7
Throwing       | 3 4 |  4.8
Polearms       | 4 5 |  5.3
Dodging        | 3 |  3.8

Action                   |  1- 3 |  4- 6 |  7- 9 || total
-------------------------+-------+-------+-------++-------
Melee: Trident           |    87 |       |       ||    87
       Scythe            |       |   114 |    99 ||   213
       Spear             |       |       |    20 ||    20
Throw: Large rock        |     4 |       |       ||     4
       Throwing net      |     1 |       |       ||     1
  Use: Potion            |       |     1 |     1 ||     2
 Stab: Sleeping          |     1 |       |       ||     1
       Held in net/web   |     1 |       |       ||     1
  Eat: Chunk             |     1 |     5 |     4 ||    10
Armor: Robe              |    13 |    46 |    51 ||   110
Dodge: Dodged            |    33 |    99 |   125 ||   257
